 Dungeon Crawl Stone Soup version 0.29-a0-649-g45c230d69a (webtiles) character file.

Game seed: 335692738567509663

19167 KristoblXynda the Fighter (level 12, -6/113 HPs)
             Began as a Green Draconian Monk on June 21, 2022.
             Was an Initiate of Gozag.
             Mangled by a sixfirhy (8 damage)
             ... on level 3 of the Abyss.
             The game lasted 00:18:54 (15730 turns).

KristoblXynda the Fighter (Green Draconian Monk)   Turns: 15730, Time: 00:18:56

Health: -6/113     AC: 17    Str: 16    XL:     12   Next: 34%
Magic:  12/12      EV: 17    Int: 14    God:    Gozag
Gold:   1704       SH:  5    Dex: 13    Spells: 5/11 levels left

rFire   . . .      SeeInvis +     - Unarmed
rCold   . . .      Faith    .   (no shield)
rNeg    . . .      Spirit   .   (body armour unavailable)
rPois   +          Reflect  +   (helmet restricted)
rElec   .          Harm     .   l - +1 cloak
rCorr   .          Rampage  .   s - +0 pair of gloves
Will    .....                   h - +1 pair of boots
Stlth   +++.......              o - amulet of Genyz {Reflect rPois SH+5}
HPRegen 0.28/turn               D - ring of the Garden {Fly SInv Stlth+}
MPRegen 0.13/turn               z - +4 ring of protection

@: about to teleport, flying, studying Necromancy
A: breathe noxious fumes, AC +8, unfitting armour, poison resistance,
cold-blooded
a: Breathe Noxious Fumes, Renounce Religion, Potion Petition, Call Merchant,
Bribe Branch


You were on level 3 of the Abyss.
You worshipped Gozag.
Gozag was most pleased with you.
You visited 2 branches of the dungeon, and saw 12 of its levels.
You visited the Abyss 1 time.

You collected 2478 gold pieces.
You spent 180 gold pieces at shops.
You paid 594 gold pieces to Gozag.

Inventory:

Hand Weapons
 F - the +8 great sword of Cobwebs {flame, *Slow rPois SInv}
   (You found it on level 8 of the Dungeon)

   It burns those it strikes, dealing additional fire damage.
   Big, fiery blades are also staple armaments of hydra-hunters.
   rPois:     It protects you from poison.
   SInv:      It lets you see invisible.
   *Slow:     It may slow you when you take damage.
 H - a +1 scimitar of flaming
Missiles
 f - 4 throwing nets (quivered)
Armour
 h - a +1 pair of boots (worn)
 l - a +1 cloak (worn)
 s - a +0 pair of gloves (worn)
Jewellery
 e - a ring of magical power
 m - a ring of ice
 o - the amulet of Genyz (around neck) {Reflect rPois SH+5}
   (You acquired it on level 11 of the Dungeon)

   [amulet of reflection]

   It reflects blocked missile attacks.
   rPois:     It protects you from poison.
   SH:        It affects your SH (+5).
 x - a ring of resist corrosion
 z - a +4 ring of protection (right hand)
 C - a +6 ring of strength
 D - the ring of the Garden (left hand) {Fly SInv Stlth+}
   (You took it off a centaur warrior on level 8 of the Dungeon)

   [ring of flight]

   SInv:      It lets you see invisible.
   Fly:       It grants you flight.
   Stlth:     It makes you more stealthy.
 G - a ring of protection from fire
 J - a ring of willpower
Wands
 w - a wand of iceblast (8)
Scrolls
 c - 5 scrolls of poison
 d - 4 scrolls of teleportation
 v - a scroll of fog
 y - 2 scrolls of enchant armour
Potions
 a - 4 potions of ambrosia
 b - 3 potions of attraction
 i - 3 potions of brilliance
 j - a potion of magic
 k - 4 potions of curing
 p - a potion of resistance
 q - a potion of cancellation
 t - 2 potions of might
 A - 3 potions of mutation
 B - a potion of haste
Miscellaneous
 E - a tin of tremorstones (2/2)


   Skills:
 + Level 12.6 Fighting
 + Level 10.8 Dodging
 - Level 1.7 Stealth
 + Level 11.7 Unarmed Combat
 + Level 4.2 Necromancy
 - Level 5.3 Ice Magic


You had 5 spell levels left.
You knew the following spells:

 Your Spells              Type           Power      Damage    Failure   Level
a - Ozocubu's Armour      Ice            15%        N/A       10%         3
b - Vampiric Draining     Necr           11%        2d6       16%         3

Your spell library contained the following spells:

 Spells                   Type           Power      Damage    Failure   Level
 Ensorcelled Hibernation  Hex/Ice        14%        N/A       14%         2
 Slow                     Hex            0%         N/A       28%         1
 Dispel Undead            Necr           11%        3d9       45%         4
 Confusing Touch          Hex            0%         N/A       65%         3
 Portal Projectile        Hex/Tloc       0%         N/A       65%         3
 Spider Form              Tmut/Pois      0%         N/A       65%         3
 Tukima's Dance           Hex            0%         N/A       65%         3
 Anguish                  Hex/Necr       2%         N/A       77%         4
 Blade Hands              Tmut           0%         N/A       100%        5
 Death Channel            Necr           5%         N/A       100%        6
 Ozocubu's Refrigeration  Ice            7%         4d6       100%        7
 Corpse Rot               Necr/Pois/Air  Unusable   N/A       N/A         4

Dungeon Overview and Level Annotations

Branches:
Dungeon (11/15)            Temple (1/1) D:6            Lair (0/6) D:11
    Orc: D:9-12

Altars:
Ashenzari
Cheibriados
Dithmenos
Elyvilon
Fedhas
Gozag
Hepliaklqana
Kikubaaqudgha
Makhleb
Nemelex Xobeh
Okawaru
Qazlal
Ru
Sif Muna
Trog
Uskayaw
Vehumet
Wu Jian
Xom
Yredelemnul
Zin
The Shining One

Shops:
D:3 =   D:11 (


Innate Abilities, Weirdness & Mutations

You can breathe blasts of noxious fumes.
Your lurid green scales are hard. (AC +8)
You cannot fit into any form of body armour.
Your system is resistant to poisons. (rPois)
You are cold-blooded and may be slowed by cold attacks.


Message History

You miss the sixfirhy.
Your tail-slap misses the sixfirhy.
The sixfirhy is moderately wounded.
You closely miss the sixfirhy.
Your tail-slap misses the sixfirhy.
The sixfirhy is moderately wounded.
You punch the sixfirhy!
Your tail-slap misses the sixfirhy.
The sixfirhy is heavily wounded.
A freezing wraith comes into view.
You completely miss the sixfirhy.
Your tail-slap misses the sixfirhy.
The sixfirhy is heavily wounded.
You block the sixfirhy's attack. The sixfirhy hits you!
The sixfirhy shocks you!
* * * LOW HITPOINT WARNING * * *
The sixfirhy hits you but does no damage.
Unknown command.
You feel much better. The sixfirhy hits you! The sixfirhy shocks you!
* * * LOW HITPOINT WARNING * * *
The sixfirhy barely misses you. You block the sixfirhy's attack.
The sixfirhy completely misses you.
You closely miss the sixfirhy.
The sixfirhy is heavily wounded.
The sixfirhy hits you.
* * * LOW HITPOINT WARNING * * *
The sixfirhy shocks you!
* * * LOW HITPOINT WARNING * * *
As you read the scroll of fear, it crumbles to dust.
You assume a fearsome visage.
The sixfirhy resists with some effort.
Unknown command.
As you read the scroll of teleportation, it crumbles to dust.
You feel strangely unstable.
You feel the power of the Abyss delaying your translocation!
Unknown command.
Unknown command.
A raiju comes into view.
The sixfirhy completely misses you. The sixfirhy hits you.
* * * LOW HITPOINT WARNING * * *
The sixfirhy shocks you!
* * * LOW HITPOINT WARNING * * *
The sixfirhy hits you!
You die...
Your body crumbles into a pile of gold.

§ ≈ ≈≈ h≈≈§
### #≈#≈≈#
#.... .§.≈#
#.#.§#≈≈≈
..##...≈≈§♣#
.§§..#.#≈##
.....#§#@.#
#..3#.#
#..###.# #
###...# ##
.... ..#..#
.........#
.....#..
###...#...#
##.##.# #


You could see a sixfirhy and a raiju.

Vanquished Creatures
  Harold (D:10)
  A boulder beetle (D:11)
  A centaur warrior (D:8)
  Erica (D:10)
  3 two-headed ogres
  A manticore (D:11)
  3 cyclopes
  A gargoyle (D:11)
  A kobold demonologist (D:11)
  An unseen horror (D:8)
  A queen bee (D:11)
  2 hornets
  An ancient zyme (Abyss:3)
  2 trolls
  3 wraiths (D:11)
  3 vampires
  30 yaks
  3 wyverns
  A golden eye (Abyss:3)
  A steam dragon (D:7)
  A vampire mosquito (D:11)
  2 acid dragons (D:11)
  3 water moccasins
  3 orc warriors
  A sky beast (D:7)
  3 black bears
  2 ice beasts
  2 ogres (D:11)
  3 centaurs
  2 phantoms (D:6)
  6 kobold brigands
  2 gnoll sergeants
  4 bullfrogs
  3 scorpions
  A wight (D:7)
  20 killer bees
  3 howler monkeys
  An electric eel (D:7)
  8 hounds
  5 orc priests
  Crazy Yiuf (D:7)
  A gnoll shaman (D:7)
  4 jellies
  6 iguanas
  8 orc wizards
  15 gnolls
  4 adders
  2 shadow imps (D:7)
  5 white imps
  An ufetubus (D:6)
  4 worms
  8 dart slugs
  40 orcs
  4 ball pythons
  5 endoplasms
  4 giant cockroaches
  6 goblins
  8 hobgoblins
  9 jackals
  5 quokkas
  5 bats
  2 frilled lizards
  17 kobolds
  2 rats
302 creatures vanquished.

Vanquished Creatures (collateral kills)
  3 killer bees (D:8)
  An orc priest (D:11)
4 creatures vanquished.

Vanquished Creatures (others)
  A sky beast (D:7)
  45 fungi (D:11)
  48 plants (D:11)
94 creatures vanquished.

Grand Total: 400 creatures vanquished

Notes
Turn   | Place    | Note
-------+----------+-------------------------------------------
     0 | D:1      | KristoblXynda the Draconian Monk began the quest for the
                  | Orb.
     0 | D:1      | Reached XP level 1. HP: 19/19 MP: 1/1
   101 | D:1      | Reached XP level 2. HP: 17/26 MP: 2/2
   701 | D:1      | Reached XP level 3. HP: 31/33 MP: 3/3
  1674 | D:2      | Reached skill level 4 in Fighting
  1781 | D:2      | Reached XP level 4. HP: 40/40 MP: 4/4
  1848 | D:2      | You fall into a shaft and drop 2 floors!
  2277 | D:3      | Found a faded altar of an unknown god.
  2489 | D:3      | Found Fiecw's Jewellery Shoppe.
  2492 | D:3      | Bought a ring of see invisible for 180 gold pieces
  2683 | D:2      | Found a shimmering blue altar of Sif Muna.
  2956 | D:4      | Reached XP level 5. HP: 26/47 MP: 5/5
  3561 | D:4      | Reached skill level 5 in Fighting
  3561 | D:4      | Reached XP level 6. HP: 43/56 MP: 6/6
  4009 | D:4      | Found a radiant altar of Vehumet.
  4081 | D:4      | Found a hide-covered altar of Uskayaw.
  4149 | D:4      | Identified the +4 leather armour of Supple Strength
                  | {Stlth+}
  4188 | D:5      | Entered Level 5 of the Dungeon
  4347 | D:5      | Reached skill level 5 in Unarmed Combat
  4523 | D:5      | Noticed an ice beast
  4542 | D:5      | Killed an ice beast
  4739 | D:5      | Your scales start taking on a lurid green colour.
  4739 | D:5      | Reached XP level 7. HP: 60/61 MP: 7/7
  4739 | D:5      | Gained mutation: Your system is resistant to poisons.
                  | (rPois) [Green Draconian growth]
  4961 | D:5      | Reached skill level 6 in Fighting
  4961 | D:5      | Reached skill level 5 in Dodging
  5436 | D:4      | Found a white marble altar of Elyvilon.
  5436 | D:4      | Found a bloodstained altar of Trog.
  5604 | D:6      | Reached XP level 8. HP: 47/71 MP: 8/8
  6066 | D:6      | Found a staircase to the Ecumenical Temple.
  6091 | Temple   | Entered the Ecumenical Temple
  6343 | Temple   | Became a worshipper of Gozag Ym Sagoz the Greedy
  6404 | D:6      | Reached skill level 7 in Fighting
  7303 | D:7      | Found a runed translucent door.
  7304 | D:7      | Noticed Crazy Yiuf
  7652 | D:7      | Noticed a hornet
  7663 | D:7      | Killed a hornet
  7664 | D:7      | Reached skill level 8 in Fighting
  7716 | D:7      | Found a shadowy altar of Dithmenos.
  8049 | D:7      | Reached XP level 9. HP: 55/81 MP: 9/9
  8773 | D:7      | Killed Crazy Yiuf
  8985 | D:8      | Reached skill level 9 in Fighting
  9433 | D:8      | Noticed a cyclops
  9435 | D:8      | Identified the ring of the Garden {Fly SInv Stlth+}
  9435 | D:8      | Noticed a centaur warrior
  9454 | D:8      | Killed a centaur warrior
  9455 | D:8      | Reached XP level 10. HP: 23/93 MP: 10/10
  9463 | D:8      | Killed a cyclops
  9760 | D:8      | Identified the +8 great sword of Cobwebs {flame, *Slow
                  | rPois SInv}
  9831 | D:8      | Reached skill level 10 in Fighting
 10298 | D:8      | Learned a level 3 spell: Ozocubu's Armour
 10368 | D:8      | Found a broken altar of Ashenzari.
 10571 | D:8      | Reached skill level 1 in Ice Magic
 11055 | D:9      | Reached skill level 10 in Unarmed Combat
 11472 | D:9      | Reached skill level 11 in Fighting
 11472 | D:9      | Reached XP level 11. HP: 65/102 MP: 11/11
 11751 | D:9      | Found a sacrificial altar of Ru.
 11751 | D:9      | Found an ancient bone altar of Kikubaaqudgha.
 12366 | D:10     | Entered Level 10 of the Dungeon
 12490 | D:10     | Noticed a two-headed ogre
 12501 | D:10     | Killed a two-headed ogre
 12560 | D:10     | Noticed Harold
 12673 | D:10     | Killed Harold
 13364 | D:10     | Noticed Erica
 13383 | D:10     | Killed Erica
 13594 | D:11     | Reached skill level 5 in Ice Magic
 13683 | D:11     | Reached skill level 10 in Dodging
 13821 | D:11     | Learned a level 3 spell: Vampiric Draining
 14100 | D:11     | Reached skill level 1 in Necromancy
 14162 | D:11     | Reached skill level 12 in Fighting
 14258 | D:11     | Found a staircase to the Lair.
 14299 | D:11     | Identified the +7 short sword of the Final Ears {vorpal,
                  | Int+3 Dex+3}
 14626 | D:11     | Found Nomaiq's Weapon Boutique.
 14683 | D:11     | Noticed a two-headed ogre
 14696 | D:11     | Killed a two-headed ogre
 14707 | D:11     | Reached XP level 12. HP: 87/112 MP: 12/12
 14715 | D:11     | Noticed a two-headed ogre
 14734 | D:11     | Killed a two-headed ogre
 14737 | D:11     | Noticed a boulder beetle
 14767 | D:11     | Killed a boulder beetle
 15012 | D:11     | Noticed a fire dragon
 15055 | D:11     | Noticed a two-headed ogre
 15311 | D:11     | Identified 2 scrolls of acquirement
 15311 | D:11     | Acquired a manual of Necromancy
 15316 | D:11     | Acquired the amulet of Genyz {Reflect rPois SH+5}
 15646 | D:11     | Cast into level 3 of the Abyss (a wizard)
 15730 | Abyss:3  | HP: 2/113 [sixfirhy (12)]
 15730 | Abyss:3  | Mangled by a sixfirhy

Illustrated notes

Levels and vault maps discovered:
D:1:      lemuel_arrival_tunnels, layout_basic, minmay_pentomino_q2
D:2:      layout_basic, basic_altar, corexii_item_surrounded_by_moat,
          minmay_small_reverse_x
D:3:      layout_loops_ring, serial_shops, nicolae_shop_behind_doors,
          ebering_ecumenical_altar_sacrificial
D:4:      layout_rooms, mainiacjoe_overflow_two_lobes,
          nicolae_overflow_hidden_temple
D:5:      layout_basic, minmay_diced_spiral
D:6:      layout_loops_corners, minmay_temple_entry_sparse_star
D:7:      layout_basic, nicolae_dithmenos_shadow_blocks,
          kennysheep_generic_room_4, uniq_crazy_yiuf_cottage
D:8:      minmay_the_grid_plus_closed [minmay_the_grid_large_cup,
          minmay_the_grid_paths, minmay_the_grid_minigrid_large,
          minmay_the_grid_gridbox, minmay_the_grid_prize_diamond_cup],
          layout_cave_pools, mainiacjoe_overflow_concentric_impassable
D:9:      layout_loops_ring, jmf_multi_god_temple
D:10:     layout_gridville, uniq_harold, uniq_erica
D:11:     nzn_winding_woodlands_large [nzn_winding_woodlands_5x5_perimeter,
          nzn_winding_woodlands_5x15_twine, nzn_winding_woodlands_5x5_default,
          nzn_winding_woodlands_center_garden,
          nzn_winding_woodlands_15x15_killbox,
          nzn_winding_woodlands_center_diamonds,
          nzn_winding_woodlands_5x5_default, nzn_winding_woodlands_5x15_pool,
          nzn_winding_woodlands_5x5_open_star], layout_rooms,
          due_lair_maze_entry_diamond, serial_shops,
          nicolae_shop_advertising_works [nicolae_subvault_shop_adworks],
          special_room [special_room_orc], minivault_7
Temple:   dpeg_chambers_temple
Abyss:3:  base: D:2, hangedman_decor_riveting

Skill      XL: |  1  2  3  4  5  6  7  8  9 10 11 12 |
---------------+-------------------------------------+-----
Dodging        | 3 4 5 6 8 9 10 | 10.8
Fighting       | 4 5 6 8 9 11 12 | 12.6
Unarmed Combat | 4 5 6 7 9 10 11 | 11.7
Ice Magic      | 3 5 |  5.3
Necromancy     | 2 4 |  4.2
Stealth        | |  1.7

Action                   |  1- 3 |  4- 6 |  7- 9 | 10-12 || total
-------------------------+-------+-------+-------+-------++-------
Melee: Unarmed           |   165 |   232 |   409 |   664 ||  1470
       Tailslap          |    22 |    37 |    67 |   129 ||   255
       Punch             |     7 |     9 |    20 |    60 ||    96
 Cast: Ozocubu's Armour  |       |       |       |     1 ||     1
Invok: Potion Petition   |       |       |       |     1 ||     1
 Abil: Breathe Noxious F |       |       |    11 |    17 ||    28
Evoke: Wand              |       |       |       |     3 ||     3
  Use: Scroll            |       |     6 |     7 |    16 ||    29
       Potion            |       |       |     3 |     4 ||     7
 Stab: Sleeping          |     4 |     7 |     4 |     1 ||    16
       Confused          |       |       |    11 |    33 ||    44
       Distracted        |       |       |     1 |     4 ||     5
Armor: Skin              |    37 |    62 |   148 |   194 ||   441
Dodge: Dodged            |   108 |   148 |   331 |   474 ||  1061
Block: Other             |       |       |       |    11 ||    11

Table legend: (Time is in decaauts)
 A = Elapsed time spent in this place.
 B = Non-inter-level travel time spent in this place.
 C = Inter-level travel time spent in this place.
 D = Time resting spent in this place.
 E = Time spent auto-exploring this place.
 F = Levels seen in this place.
 G = Mean time per level.
                   A        B        C        D        E       F      G
               +--------+--------+--------+--------+--------+-----+--------+
         Total |  15550 |  15166 |    384 |   3980 |   8406 |  13 | 1196.2 |
       Dungeon |  15208 |  14857 |    351 |   3950 |   8206 |  11 | 1382.5 |
        Temple |    260 |    227 |     33 |      0 |    200 |   1 |  260.0 |
         Abyss |     81 |     81 |      0 |     30 |      0 |   1 |   81.0 |
               +--------+--------+--------+--------+--------+-----+--------+

Top non-repeatable levels by time:
     D:8: 2022 daAuts
    D:11: 2005 daAuts
     D:7: 1668 daAuts
     D:6: 1449 daAuts
     D:9: 1421 daAuts
     D:4: 1296 daAuts
     D:5: 1258 daAuts
    D:10: 1202 daAuts
     D:1: 1156 daAuts
     D:2: 892 daAuts
     D:3: 835 daAuts
  Temple: 260 daAuts
 Abyss:3: 81 daAuts
